 Dungeon Crawl Stone Soup version 0.30.1-3-gfc49f6343a (webtiles) character file.

Game seed: 10111055530980843612

131 hawla the Firebug (level 5, 0/38 HPs)
             Began as a Meteoran Fire Elementalist on Aug 9, 2023.
             Was an Initiate of Vehumet.
             Slain by a scorpion zombie (3 damage)
             ... in an ossuary.
             The game lasted 00:04:11 (832 turns).

hawla the Firebug (Meteoran Fire Elementalist)       Turns: 832, Time: 00:04:12

Health: 0/38       AC:  3    Str: 10    XL:     5   Next: 65%
Magic:  0/11       EV: 12    Int: 18    God:    Vehumet [......]
Gold:   103        SH:  0    Dex: 14    Spells: 3/10 levels left

rFire   . . .        (no weapon)
rCold   . . .        (no shield)
rNeg    . . .        a - +0 robe
rPois   .            (no helmet)
rElec   .            i - +0 cloak
rCorr   .            (no gloves)
SInv    .            (no boots)
Will    .....        (no amulet)
Stlth   +            (no ring)
HPRegen 0.26/turn    (no ring)
MPRegen 0.12/turn

%: no passive effects
@: very slightly contaminated, glowing
A: sense surroundings 1, otherworldly, glowing, explore regen
a: Renounce Religion


You were in an ossuary.
You worshipped Vehumet.
Vehumet was noncommittal.
You visited 2 branches of the dungeon, and saw 5 of its levels.
You also visited: Ossuary.

You collected 103 gold pieces.

Inventory:

Armour
 a - a +0 robe (worn)
 i - a +0 cloak (worn)
Jewellery
 g - an amulet of magic regeneration
Scrolls
 h - a scroll of summoning {unknown}
Potions
 b - 2 potions of magic
 c - a potion of lignification
 d - a potion of flight {unknown}
 e - a potion of mutation {unknown}
 f - a potion of resistance {unknown}


   Skills:
 - Level 2.8 Dodging
 - Level 1.4 Stealth
 - Level 3.4 Spellcasting
 + Level 4.1 Conjurations
 - Level 4.8 Fire Magic


You had 3 spell levels left.
You knew the following spells:

 Your Spells              Type           Power      Damage    Failure   Level
a - Foxfire               Conj/Fire      76%        2x1d7     2%          1
b - Scorch                Fire           40%        2d6       3%          2
c - Flame Wave            Conj/Fire      19%        2d7       24%         4

Your spell library contained the following spells:

 Spells                   Type           Power      Damage    Failure   Level
 Inner Flame              Hex/Fire       11%        N/A       17%         3
 Volatile Blastmotes      Fire/Tloc      22%        2d11      17%         3


Dungeon Overview and Level Annotations

Branches:
Dungeon (4/15) Zot: 1835   Temple (1/1) D:4 Zot: 383 Ossuary (1/1) Zot: 547

Altars:
Ashenzari
Cheibriados
Gozag
Makhleb
Okawaru
Ru
Trog
Vehumet


Innate Abilities, Weirdness & Mutations

You passively map a small area around you.
You are easily found by Zot.
You glow in the dark.
You regain HP and MP as you explore.


Message History

A gnoll zombie, 2 hobgoblin zombies and a scorpion zombie come into view.
A bullfrog zombie comes into view.
There is an open gate here.
The hobgoblin zombie hits you but does no damage.
The hobgoblin zombie completely misses you.
The hobgoblin zombie hits you. The gnoll zombie barely misses you.
The scorpion zombie hits you but does no damage.
There are monsters nearby!
The gnoll zombie hits you but does no damage.
The scorpion zombie hits you. The hobgoblin zombie hits you.
The scorpion zombie hits you but does no damage.
The bullfrog zombie attacks as you move away!
The bullfrog zombie barely misses you. The bullfrog zombie hits you.
A scorpion zombie and an adder zombie come into view.
The bullfrog zombie closely misses you. The scorpion zombie hits you.
The bullfrog zombie attacks as you move away!
The bullfrog zombie closely misses you.
A goblin zombie comes into view.
The gnoll zombie barely misses you. The scorpion zombie barely misses you.
The bullfrog zombie hits you. The gnoll zombie hits you.
You hit the adder zombie.
The adder zombie is lightly damaged.
The bullfrog zombie barely misses you. The adder zombie bites you.
Cast which spell? (? or * to list)
The spell is quite dangerous to miscast (24% risk of failure)!
Continue anyway?
Okay, then.
Okay, then.
Casting: Flame Wave (quite dangerous; 24% risk of failure)
Confirm with . or Enter, or press ? or * to list all spells.
The spell is quite dangerous to miscast (24% risk of failure)!
Continue anyway?
Casting: Flame Wave (quite dangerous; 24% risk of failure)
Press: ? - help, Dir - look around, f - activate You miscast Flame Wave.
You are very lightly contaminated with residual magic.
Flames sear your flesh!
* * * LOW HITPOINT WARNING * * *
The bullfrog zombie barely misses you. The gnoll zombie hits you.
* * * LOW HITPOINT WARNING * * *
The adder zombie closely misses you. The scorpion zombie hits you.
You die...

, ...# ** ##....
#.......## ##.....
#........### ###......
#.....⌠....#####....⌠...
#....⌠#⌠.....'.....⌠#⌠..
#....Z⌠......'......⌠...
#......Z....'..........
#.Z..ZZ...###.........
#..Z@ZZ..# #........#
########## ##########


You could see an adder zombie, a bullfrog zombie, 2 scorpion zombies, a goblin
zombie, 2 hobgoblin zombies and a gnoll zombie.

Vanquished Creatures
  A hound (D:4)
  Natasha (D:2)
  4 gnolls (D:4)
  An adder (D:3)
  A dart slug (D:4)
  3 endoplasms
  A giant cockroach (D:4)
  4 hobgoblins
  3 quokkas
  2 ball pythons
  A bat (D:2)
  3 gnoll zombies (Ossuary)
  2 goblin zombies (Ossuary)
  A hobgoblin zombie (Ossuary)
  2 kobolds
  A rat (D:1)
31 creatures vanquished.

Vanquished Creatures (others)
  52 foxfires
52 creatures vanquished.

Grand Total: 83 creatures vanquished

Notes
Turn   | Place    | Note
-------+----------+-------------------------------------------
     0 | D:1      | hawla the Meteoran Fire Elementalist began the quest for
                  | the Orb.
     0 | D:1      | Reached XP level 1. HP: 14/14 MP: 5/5
    83 | D:2      | Reached XP level 2. HP: 16/20 MP: 0/6
   126 | D:2      | Noticed Natasha
   133 | D:2      | Killed Natasha
   134 | D:2      | Reached XP level 3. HP: 23/26 MP: 4/8
   137 | D:2      | Learned a level 2 spell: Scorch
   227 | D:3      | Reached XP level 4. HP: 32/33 MP: 6/10
   259 | D:4      | Found a staircase to the Ecumenical Temple.
   265 | Temple   | Entered the Ecumenical Temple
   376 | Temple   | Became a worshipper of Vehumet
   382 | Temple   | Learned a level 4 spell: Flame Wave
   493 | D:4      | Reached XP level 5. HP: 9/38 MP: 0/11
   594 | D:4      | Noticed a bullfrog
   770 | D:4      | Found a sand-covered staircase.
   780 | Ossuary  | Entered an ossuary
   832 | Ossuary  | Slain by a scorpion zombie

Illustrated notes

Levels and vault maps discovered:
D:1:      lightli_iron_boxes, layout_basic, chequers_ecumenical_altar_grove
D:2:      layout_basic, minivault_11, uniq_natasha
D:3:      layout_basic, mainiacjoe_overflow_paths
D:4:      layout_loops_ring, nemelex_xobeh_ov_fountains_minmay,
          nicolae_overflow_hidden_temple, minmay_temple_entry_sparse_star,
          enter_ossuary_1, lightli_corner_chamber
Temple:   nicolae_temple_superstar
Ossuary:  ossuary_hellmonk_silent_tomb

Skill      XL: |  1  2  3  4  5 |
---------------+----------------+-----
Spellcasting   | 3 |  3.4
Fire Magic     | 4 |  4.8
Conjurations   | 3 4 |  4.1
Dodging        | |  2.8
Stealth        | |  1.4

Action                     |  1- 3 |  4- 6 || total
---------------------------+-------+-------++-------
  Melee: Unarmed           |     5 |    15 ||    20
   Cast: Foxfire           |    21 |    12 ||    33
         Scorch            |     2 |     7 ||     9
         Flame Wave        |       |     2 ||     2
    Use: Scroll            |       |     3 ||     3
 Armour: Robe              |     2 |    11 ||    13
  Dodge: Dodged            |     8 |    23 ||    31
